 Dungeon Crawl Stone Soup version 0.27.1-4-g1640c2035a (webtiles) character file.

Game seed: 1399597934858363756

97 jeko the Chopper (level 4, -10/40 HPs)
             Began as a Hill Orc Monk on Nov 12, 2021.
             Mangled by Crazy Yiuf (13 damage)
             ... on level 3 of the Dungeon.
             The game lasted 00:07:38 (2470 turns).

jeko the Chopper (Hill Orc Monk)                    Turns: 2470, Time: 00:07:39

Health: -10/40     AC: 10    Str: 14    XL:     4   Next: 68%
Magic:  0/4        EV: 18    Int: 10    God:
Gold:   134        SH:  0    Dex: 13    Spells: 3/3 levels left

rFire    . . .     SeeInvis .   a - +0 hand axe
rCold    . . .     Faith    .   (no shield)
rNeg     . . .     Spirit   .   o - +0 scale mail
rPois    +         Reflect  .   d - +0 helmet
rElec    .         Harm     .   j - +2 cloak
rCorr    .         Rampage  .   (no gloves)
Will     .....                  (no boots)
Stlth    ..........             (no amulet)
HPRegen  0.13/turn              k - +4 ring of evasion
MPRegen  0.09/turn              h - ring of poison resistance

@: agile
A: no striking features
a: no special abilities


You were on level 3 of the Dungeon.
You visited 1 branch of the dungeon, and saw 3 of its levels.

You collected 134 gold pieces.

Inventory:

Hand Weapons
 a - a +0 hand axe (weapon)
 i - a +2 vampiric dagger
Armour
 b - a +0 robe
 d - a +0 helmet (worn)
 j - a +2 cloak (worn)
 o - a +0 scale mail (worn)
Jewellery
 f - a ring of ice
 h - a ring of poison resistance (right hand)
 k - a +4 ring of evasion (left hand)
Scrolls
 c - a scroll of silence {unknown}
 e - 2 scrolls of amnesia
 g - a scroll of enchant armour {unknown}
 l - a scroll of noise {unknown}
 m - a scroll of blinking {unknown}
 p - a scroll of fog {unknown}
 q - a scroll of teleportation
 r - a scroll of vulnerability {unknown}
Potions
 s - 2 potions of flight


   Skills:
 - Level 3.9 Fighting
 + Level 6.6 Axes
 - Level 2.6 Dodging
 - Level 1.5 Stealth


You had 3 spell levels left.
You didn't know any spells.
Your spell library was empty.

Dungeon Overview and Level Annotations

Branches:
Dungeon (3/15)

Altars:

Shops:
D:3 :

Annotations:
D:3 Crazy Yiuf


Message History

Crazy Yiuf is lightly wounded.
Crazy Yiuf hits you but does no damage.
You hit Crazy Yiuf but do no damage.
Crazy Yiuf is lightly wounded.
Crazy Yiuf misses you.
You hit Crazy Yiuf.
Crazy Yiuf is moderately wounded.
Crazy Yiuf closely misses you.
You hit Crazy Yiuf.
Crazy Yiuf is heavily wounded.
Crazy Yiuf says, "You!
Lay childish head."
Crazy Yiuf completely misses you.
You hit Crazy Yiuf but do no damage.
Crazy Yiuf is heavily wounded.
Crazy Yiuf completely misses you.
You closely miss Crazy Yiuf.
Crazy Yiuf is heavily wounded.
Crazy Yiuf misses you.
You closely miss Crazy Yiuf.
Crazy Yiuf is heavily wounded.
Crazy Yiuf hits you but does no damage. Space bends around you.
You hit Crazy Yiuf but do no damage.
Crazy Yiuf is heavily wounded.
Crazy Yiuf hits you with a +2 quarterstaff of chaos!
You feel your power leaking away.
You hit Crazy Yiuf but do no damage.
Crazy Yiuf is heavily wounded.
Crazy Yiuf cries, "Castle!"
Crazy Yiuf hits you with a +2 quarterstaff of chaos.
You closely miss Crazy Yiuf.
Crazy Yiuf is heavily wounded.
Crazy Yiuf whimpers, "Trifle!"
Crazy Yiuf hits you with a +2 quarterstaff of chaos.
* * * LOW HITPOINT WARNING * * *
You hit Crazy Yiuf.
Crazy Yiuf is severely wounded.
Crazy Yiuf hits you with a +2 quarterstaff of chaos!
* * * LOW HITPOINT WARNING * * *
You are electrocuted!
You die...

#....##......########....
#..........>.†..........# .
.#.......##....#######..##
....<........###....<.(.#.###
#.######.....###..####...... #
...###.....####...###.....
#..##..#..........##.#...
########.#...g.###..##.....#.).
..>..........###@......#.........
...........#.# #...###.#.........
...........#.# ##..###.#.#.......
.............# #.......)...#....
.............# ##############...
.............# #...#
.............# #....
#.#.......###♣♣ ### #####
#...##.#.#....♣♣ ♣♣#..)# #####


You could see Crazy Yiuf.

Vanquished Creatures
  3 adders (D:2)
  3 worms
  2 dart slugs
  6 bats
  6 endoplasms
  2 giant cockroaches
  6 goblins
  3 hobgoblins
  7 jackals (D:1)
  2 quokkas
  5 ball pythons
  5 frilled lizards
  3 kobolds
  A rat (D:1)
54 creatures vanquished.

Notes
Turn   | Place    | Note
-------+----------+-------------------------------------------
     0 | D:1      | jeko the Hill Orc Monk began the quest for the Orb.
     0 | D:1      | Reached XP level 1. HP: 19/19 MP: 1/1
   261 | D:1      | Reached XP level 2. HP: 21/27 MP: 2/2
   586 | D:1      | Reached XP level 3. HP: 31/33 MP: 3/3
   588 | D:1      | Reached skill level 5 in Axes
  1271 | D:2      | Found a faded altar of an unknown god.
  1280 | D:2      | Reached XP level 4. HP: 40/40 MP: 4/4
  1309 | D:2      | Reached skill level 6 in Axes
  1824 | D:3      | Found Zawa's Book Shoppe.
  2152 | D:3      | Found a runed translucent door.
  2153 | D:3      | Noticed Crazy Yiuf
  2470 | D:3      | Mangled by Crazy Yiuf

Illustrated notes

Levels and vault maps discovered:
D:1:      evilmike_arrival_crescent, layout_loops_ring
D:2:      layout_rooms, hellmonk_ecumenical_altar_lost_god, minmay_crystal_room
D:3:      layout_rooms, serial_shops, shop_fountains, uniq_crazy_yiuf_cottage

Skill      XL: |  1  2  3  4 |
---------------+-------------+-----
Axes           | 5 6 |  6.6
Fighting       | |  3.9
Dodging        | |  2.6
Stealth        | |  1.5

Action                   |  1- 3 |  4- 6 || total
-------------------------+-------+-------++-------
Melee: Hand axe          |   121 |   106 ||   227
  Use: Scroll            |       |     4 ||     4
 Stab: Sleeping          |     2 |     1 ||     3
Armor: Robe              |    32 |    16 ||    48
       Scale mail        |       |    11 ||    11
Dodge: Dodged            |   107 |    70 ||   177
